 Dungeon Sprint DCSS version 0.24-a0-246-gb963c9a (webtiles) character file.

Game seed: 3714977650278091734

2089 MikeHunt the Brawler (level 9, -39/85 HPs)
             Began as a Ghoul Monk on Apr 12, 2019.
             Was a Believer of Nemelex Xobeh.
             Killed by dispel undead
             ... invoked by Josephine
              (48 damage)
             ... in the Dungeon (Sprint III: "The Ten Rune Challenge").
             The game lasted 00:06:01 (1179 turns).

MikeHunt the Brawler (Ghoul Monk)                   Turns: 1179, Time: 00:06:02

Health: -39/85     AC:  3    Str: 15    XL:     9   Next: 27%
Magic:  15/15      EV: 17    Int:  5    God:    Nemelex Xobeh [**....]
Gold:   974        SH:  0    Dex: 14    Spells: 8/8 levels left

rFire    . . .     SeeInvis .     - Unarmed
rCold    + . .     Gourm    .   (no shield)
rNeg     + + +     Faith    .   a - +0 robe
rPois    ∞         Spirit   .   (no helmet)
rElec    .         Reflect  .   (no cloak)
rCorr    .         Harm     .   d - +0 pair of gloves
MR       .....     NoTele   +   (no boots)
Stlth    ++........             s - amulet of magic regeneration
HPRegen  0.00/turn              (no ring)
MPRegen  0.39/turn              (no ring)

@: rotting
A: rotting body, claws 1, carnivore, cold resistance 1, negative energy
resistance 3, inhibited regeneration, torment resistance, unbreathing
a: Draw Escape, Draw Destruction, Draw Summoning, Renounce Religion


You were in the Dungeon.
You worshipped Nemelex Xobeh.
Nemelex Xobeh was pleased with you.
You were not hungry.

You visited 1 branch You collected 1284 gold pieces.
You spent 310 gold pieces at shops.

Inventory:

Armour
 a - a +0 robe (worn)
 d - a +0 pair of gloves (worn)
 p - a +0 plate armour
Jewellery
 s - an amulet of magic regeneration (around neck)
Wands
 r - a wand of disintegration (10)
Scrolls
 h - a scroll of blinking
 k - 2 scrolls of holy word
 m - a scroll of remove curse
 o - a scroll of immolation {unknown}
 t - a scroll of random uselessness {unknown}
Potions
 c - a potion of curing
 e - a potion of haste
 f - 2 potions of magic
 g - a potion of berserk rage
 j - 5 potions of mutation
 n - 3 potions of flight
Miscellaneous
 i - a phantom mirror
Comestibles
 b - 4 rations
 q - 13 chunks of flesh {@w1}


   Skills:
 + Level 10.0 Fighting
 + Level 8.4 Dodging
 - Level 2.1 Stealth
 - Level 15.1 Unarmed Combat
 + Level 9.3 Invocations


You had 8 spell levels left.
You didn't know any spells.
Your spell library contained the following spells:

 Spells                   Type           Power        Failure   Level  Hunger
 Magic Dart               Conj           #...         47%         1    ##.....
 Blink                    Tloc           N/A          63%         2    ###....
 Call Imp                 Summ           #.......     63%         2    ###....
 Slow                     Hex            #.......     63%         2    ###....
 Conjure Flame            Conj/Fire      #.......     85%         3    ####...
 Mephitic Cloud           Conj/Pois/Air  #.......     85%         3    ####...


Dungeon Overview and Level Annotations

Branches:
Dungeon (1/1)

Altars:
Cheibriados
Dithmenos
Elyvilon
Fedhas
Gozag
Hepliaklqana
Kikubaaqudgha
Makhleb
Nemelex Xobeh
Okawaru
Qazlal
Ru
Sif Muna
Trog
Uskayaw
Vehumet
Wu Jian
Xom
Yredelemnul
Zin
The Shining One
Beogh
Jiyva
Lugonu

Shops:
D *

Annotations:
D Josephine


Innate Abilities, Weirdness & Mutations

Your body is rotting away.
You thrive on raw meat.
You are immune to poison.
You have sharp fingernails.
You are carnivorous and can eat meat at any time.
Your flesh is cold resistant. (rC+)
You are immune to negative energy. (rN+++)
You do not regenerate when monsters are visible.
You are immune to unholy pain and torment.
You can survive without breathing.


Message History

Unknown command.
You closely miss Josephine.
Josephine is almost dead.
You hit Josephine but do no damage. Your punch misses Josephine.
Josephine is almost dead.
Josephine closely misses you.
Unknown command.
You draw a card...
You have drawn the Tomb.
Walls emerge from the floor!
Josephine hits you with a +0 dagger.
* * * LOW HITPOINT WARNING * * *
You draw a card...
You have drawn the Shaft.
Nothing appears to happen.
The deck of cards glows slightly and disappears.
Josephine closely misses you.
You hit Josephine.
Josephine is almost dead.
Josephine casts a spell at you.
You convulse!
Ouch! That really hurt!
You die...
Your body disappears without a glow.

##..#___#___#__##∩#.##.#..+
.#..#...#__.#)_#.........##
.#..###'#)###'##........#.#
'#..#...)v.)§..#.........##
#...'.⌠.....§..#))÷......#
#...#...######'#.#.#######
....#.⌠.#__#...#)#####
....#...#__#...##@§≈≈+
....#'###__#...#@#≈§§#
....#.))#__#...)##@§§#
....#___#__'...#.#..§#
▓▓▓▓▓▓▓▓▓▓▓▓▓▓▓▓▓▓▓▓▓▓


You could see Josephine.

Vanquished Creatures
  A shadow (D)
  A spatial vortex (D)
  3 orc warriors (D)
  A necrophage (D)
  A water elemental (D)
  An orc priest (D)
  A jelly (D)
  A wizard (D)
  Jessica (D)
  2 orc wizards (D)
  A necromancer (D)
  3 humans (D)
  A kobold demonologist (D)
  3 oozes (D)
  A phantom (D)
  8 orcs (D)
  A rat (D)
31 creatures vanquished.

Vanquished Creatures (collateral kills)
  An orc high priest (D)
  A swamp dragon (D)
  2 orcs (D)
4 creatures vanquished.

Vanquished Creatures (others)
  2 draconian scorchers (D)
  A hydra (D)
  2 yaktaurs (D)
  6 hellions (D)
  5 plants (D)
16 creatures vanquished.

Grand Total: 51 creatures vanquished

Notes
Turn   | Place    | Note
-------+----------+-------------------------------------------
     0 | D        | MikeHunt the Ghoul Monk began the quest for the Orb.
     0 | D        | Reached XP level 1. HP: 19/19 MP: 0/0
    11 | D        | Reached skill level 5 in Unarmed Combat
    13 | D        | Reached XP level 2. HP: 25/26 MP: 1/1
    24 | D        | Noticed Jessica
    28 | D        | Killed Jessica
    28 | D        | Reached skill level 7 in Unarmed Combat
    28 | D        | Reached XP level 3. HP: 27/31 MP: 2/2
    66 | D        | Reached skill level 8 in Unarmed Combat
    72 | D        | Reached XP level 4. HP: 30/38 MP: 3/3
    91 | D        | Noticed a water elemental
    93 | D        | Killed a hellion
   100 | D        | Killed a hellion
   100 | D        | Killed a hellion
   100 | D        | Killed a hellion
   101 | D        | Killed a hellion
   105 | D        | Killed a water elemental
   105 | D        | Reached skill level 10 in Unarmed Combat
   105 | D        | Reached XP level 5. HP: 30/45 MP: 4/4
   118 | D        | Killed a yaktaur
   137 | D        | Killed a white draconian scorcher
   151 | D        | Killed a hellion
   164 | D        | Killed a white draconian scorcher
   217 | D        | Reached skill level 11 in Unarmed Combat
   295 | D        | Noticed a shadow
   302 | D        | Killed a shadow
   302 | D        | Reached skill level 13 in Unarmed Combat
   302 | D        | Reached XP level 6. HP: 31/51 MP: 5/5
   322 | D        | Killed an eight-headed hydra
   415 | D        | Found a blossoming altar of Fedhas.
   415 | D        | Found a stormy altar of Qazlal.
   415 | D        | Found a snail-covered altar of Cheibriados.
   415 | D        | Found a burning altar of Makhleb.
   415 | D        | Found a shimmering altar of Xom.
   415 | D        | Noticed a spatial vortex
   416 | D        | Found a hazy altar of Hepliaklqana.
   416 | D        | Found an opulent altar of Gozag.
   416 | D        | Found a sparkling altar of Nemelex Xobeh.
   416 | D        | Found a corrupted altar of Lugonu.
   416 | D        | Found a viscous altar of Jiyva.
   423 | D        | Killed a spatial vortex
   423 | D        | Reached skill level 15 in Unarmed Combat
   427 | D        | Became a worshipper of Nemelex Xobeh the Trickster
   427 | D        | Received a gift from Nemelex Xobeh
   427 | D        | Reached * piety under Nemelex Xobeh
   427 | D        | Reached ** piety under Nemelex Xobeh
   547 | D        | Found a basalt altar of Yredelemnul.
   547 | D        | Found a shadowy altar of Dithmenos.
   547 | D        | Found a sacrificial altar of Ru.
   547 | D        | Noticed a necrophage
   551 | D        | Killed a necrophage
   551 | D        | Reached XP level 7. HP: 57/59 MP: 5/7
   571 | D        | Found a radiant altar of Vehumet.
   571 | D        | Killed a yaktaur
   572 | D        | Found a deep blue altar of Sif Muna.
   572 | D        | Found an ancient bone altar of Kikubaaqudgha.
   590 | D        | Found a glowing silver altar of Zin.
   591 | D        | Found a glowing golden altar of the Shining One.
   591 | D        | Found a white marble altar of Elyvilon.
   591 | D        | Noticed a deep elf mage
   602 | D        | Noticed a swamp dragon
   602 | D        | a deep elf mage changed into a swamp dragon
   610 | D        | HP: 3/60 [swamp dragon (4)]
   611 | D        | Killed a swamp dragon
   611 | D        | Reached XP level 8. HP: 9/73 MP: 8/11
   861 | D        | Found a hide-covered altar of Uskayaw.
   861 | D        | Found an iron altar of Okawaru.
   862 | D        | Found a roughly hewn altar of Beogh.
   862 | D        | Found a bloodstained altar of Trog.
   862 | D        | Found an ornate altar of the Wu Jian Council.
   967 | D        | Found Hashreti's Assorted Antiques.
   989 | D        | Noticed an orc high priest
  1031 | D        | Noticed a smoke demon
  1031 | D        | Killed an orc high priest
  1031 | D        | Reached XP level 9. HP: 25/85 MP: 12/14
  1072 | D        | Noticed Josephine
  1087 | D        | Reached skill level 10 in Fighting
  1124 | D        | Bought a curved wooden wand for 124 gold pieces
  1124 | D        | Bought a large bronze amulet for 155 gold pieces
  1124 | D        | Bought a scroll labeled DUSCHUMA MEAZ for 31 gold pieces
  1179 | D        | Killed from afar by Josephine

Levels and vault maps discovered:
D:        dungeon_sprint_mu [sprint_mu_entry_cave, sprint_mu_temple_rooms,
          sprint_mu_d1_horrors, sprint_mu_d2_genie, sprint_mu_d3_branching,
          sprint_mu_orc_legion, sprint_mu_elf_gauntlet, sprint_mu_hive_nellie,
          sprint_mu_lair_fedhas, sprint_mu_vaults_butterflies,
          sprint_mu_slime_circle, sprint_mu_swamp_cave, sprint_mu_shoals_archi,
          sprint_mu_blade_basic, sprint_mu_crypt_lich, sprint_mu_tomb_spiral,
          sprint_mu_vestibule_basic, sprint_mu_gehenna_hellfire,
          sprint_mu_dis_giant, sprint_mu_tartarus_statrot,
          sprint_mu_cocytus_islands, sprint_mu_zot1]

Skill      XL: |  1  2  3  4  5  6  7  8  9 |
---------------+----------------------------+-----
Unarmed Combat | 5 7 8 10 13 15 | 15.1
Fighting       | 4 7 9 10 | 10.0
Dodging        | 3 6 8 |  8.4
Invocations    | 2 6 9 |  9.3
Stealth        | |  2.1

Action                   |  1- 3 |  4- 6 |  7- 9 || total
-------------------------+-------+-------+-------++-------
Melee: Unarmed           |    15 |    28 |   101 ||   144
       Punch             |     1 |     1 |     6 ||     8
 Abil: Draw Destruction  |       |       |     2 ||     2
       Draw Summoning    |       |       |     2 ||     2
       Draw Escape       |       |       |     2 ||     2
  Use: Potion            |       |       |     2 ||     2
       Scroll            |       |       |     3 ||     3
 Stab: Sleeping          |     2 |       |     1 ||     3
  Eat: Chunk             |       |     4 |    14 ||    18
Armor: Robe              |       |     1 |     7 ||     8
Dodge: Dodged            |     5 |    14 |    48 ||    67

Table legend:
 A = Non-vault XP
 B = Vault XP
 C = Vault XP percentage of total XP
 D = Non-vault monster count
 E = Vault monster count
 F = Vault count percentage of total count
                 A         B        C        D         E       F
            +---------+---------+-------+---------+---------+-------
      Total |       0 |    2985 | 100.0 |       0 |      35 | 100.0
            +---------+---------+-------+---------+---------+-------
          D |       0 |    2985 | 100.0 |       0 |      35 | 100.0
            +---------+---------+-------+---------+---------+-------
